 Dungeon Crawl Stone Soup version 0.28.0-1-gb440e238dd (webtiles) character file.

Game seed: 6471283005424650632

54 arthad the Sneak (level 3, -10/22 (24) HPs)
             Began as an Octopode Wanderer on Feb 20, 2022.
             Mangled by Crazy Yiuf (17 damage)
             ... on level 2 of the Dungeon.
             The game lasted 00:02:54 (1315 turns).

arthad the Sneak (Octopode Wanderer)                Turns: 1315, Time: 00:03:00

HP:   -10/22 (24)   AC:  1    Str: 16    XL:     3   Next: 91%
MP:   4/4           EV: 13    Int: 14    God:
Gold: 32            SH:  0    Dex:  9    Spells: 4/4 levels left

rFire   . . .      SeeInvis .   j - +0 mace "Lonedwis" {venom, Str+3 Dex-2}
rCold   . . .      Faith    .   (no shield)
rNeg    . . .      Spirit   .   c - +0 hat
rPois   .          Reflect  .   (no amulet)
rElec   .          Harm     .   i - ring of wizardry
rCorr   .          Rampage  .   (no ring)
Will    .....                   (no ring)
Stlth   ++++......              (no ring)
HPRegen 0.07/turn               (no ring)
MPRegen 0.09/turn               (no ring)
                                (no ring)
                                (no ring)

@: drained
A: almost no armour, amphibious, 8 rings, camouflage 1, gelatinous body 1,
(nimble swimmer 1), tentacles
a: no special abilities


You were on level 2 of the Dungeon.
You visited 1 branch of the dungeon, and saw 2 of its levels.

You collected 32 gold pieces.

Inventory:

Hand Weapons
 a - a +2 mace
 d - a +0 hunting sling
 j - the +0 mace "Lonedwis" (weapon) {venom, Str+3 Dex-2}
   (You found it on level 2 of the Dungeon)

   It poisons the flesh of those it strikes.
   Str:       It affects your strength (+3).
   Dex:       It affects your dexterity (-2).
Armour
 c - a +0 hat (worn)
Jewellery
 i - a ring of wizardry (left tentacle)
Scrolls
 b - a scroll of teleportation
 e - a scroll of amnesia {unknown}
 f - 2 scrolls of blinking {unknown}
 g - a scroll of holy word {unknown}
 h - 2 scrolls of identify {unknown}
 m - a scroll of acquirement {unknown}
Potions
 k - a potion of curing {unknown}
 l - 2 potions of berserk rage {unknown}
 n - a potion of attraction {unknown}


   Skills:
 + Level 1.7 Fighting
 + Level 4.3 Maces & Flails
 + Level 1.7 Dodging
 + Level 5.8 Stealth
 + Level 1.1 Spellcasting


You had 4 spell levels left.
You didn't know any spells.
Your spell library was empty.

Dungeon Overview and Level Annotations

Branches:
Dungeon (2/15)

Altars:

Annotations:
D:2 Crazy Yiuf


Innate Abilities, Weirdness & Mutations

You cannot wear most types of armour.
You are amphibious.
You can wear up to eight rings at the same time.
Your skin changes colour to match your surroundings (Stealth+).
Your rubbery body absorbs attacks. (AC +1, EV +1)
((You are camouflaged when in or above water. (Stealth+)))
You have tentacles for arms and can constrict up to eight enemies at once.


Message History

n - a sapphire potion
There is a stone staircase leading up here.
You climb upwards.
There is a stone staircase leading down here.
You start resting.
HP restored.
You climb downwards.
There is a stone staircase leading up here.
An endoplasm comes into view.
An endoplasm is nearby!
The helpless endoplasm fails to defend itself.
You sock the endoplasm!
You kill the endoplasm!
No target in view!
No target in view!
No target in view!
No target in view!
No target in view!
No target in view!
Found a mace.
Found a mace.
No target in view!
You see here a +0 mace.
Found five maces.
Found a runed translucent door.
You see here a +0 mace.
You see here a +0 mace.
You see here a +0 mace.
Found a mace.
You open the door.
Crazy Yiuf shouts!
Crazy Yiuf whimpers, "Trifle tortoise toodlewoodle!"
There is an open translucent door here.
You closely miss Crazy Yiuf. You grab Crazy Yiuf. You constrict Crazy Yiuf.
Crazy Yiuf hits you with a +4 quarterstaff of chaos!
Ouch! That really hurt!
* * * LOW HITPOINT WARNING * * *
You feel drained.
Crazy Yiuf hits you with a +4 quarterstaff of chaos!
Ouch! That really hurt!
You die...

##..##
♣P..P♣
♣♣PP)♣
♣♣.♣♣
♣♣)♣
♣)♣♣
♣♣)♣
♣.♣♣
#@#
#.g)#
#)..#
#)..#
#####


You could see Crazy Yiuf.

Vanquished Creatures
  Natasha (D:2)
  2 dart slugs (D:2)
  3 endoplasms
  A hobgoblin (D:2)
  3 jackals (D:2)
  2 kobolds
  3 quokkas
  3 bats (D:1)
  3 goblins (D:1)
  2 rats
23 creatures vanquished.

Notes
Turn   | Place    | Note
-------+----------+-------------------------------------------
     0 | D:1      | arthad the Octopode Wanderer began the quest for the Orb.
     0 | D:1      | arthad set off with the following items: a +2 mace, a
                  | scroll of teleportation, a +0 hat
     0 | D:1      | Reached XP level 1. HP: 13/13 MP: 1/1
   385 | D:1      | Reached XP level 2. HP: 15/18 MP: 2/2
   510 | D:1      | You fall into a shaft and drop 1 floor!
   735 | D:2      | Identified the +0 mace "Lonedwis" {venom, Str+3 Dex-2}
   875 | D:2      | Reached XP level 3. HP: 21/23 MP: 2/4
   939 | D:2      | Noticed Natasha
   948 | D:2      | HP: 1/23 [Natasha (6)]
   949 | D:2      | Killed Natasha
   950 | D:2      | Reached skill level 1 in Spellcasting
  1309 | D:2      | Found a runed translucent door.
  1310 | D:2      | Noticed Crazy Yiuf
  1315 | D:2      | Mangled by Crazy Yiuf

Illustrated notes

Levels and vault maps discovered:
D:1:      heliophobic_arrival_glass_houses, layout_loops_ring,
          minmay_tree_intersection
D:2:      layout_loops_ring, minmay_unequal, uniq_natasha,
          uniq_crazy_yiuf_cottage

Skill      XL: |  1  2  3 |
---------------+----------+-----
Spellcasting   | 1 |  1.1
Fighting       | |  1.7
Maces & Flails | |  4.3
Dodging        | |  1.7
Stealth        | |  5.8

Action                   || total
-------------------------++-------
Melee: Mace              ||    43
       Tentacles         ||    11
       Constrict         ||     9
 Stab: Sleeping          ||     6
Armor: Skin              ||     2
Dodge: Dodged            ||    22
